 Dungeon Crawl Stone Soup version 0.28-a0-1567-g1695149f81 (webtiles) character file.

Game seed: 10023668851467264318

43 belegose the Skirmisher (level 3, 0/49 HPs)
             Began as a Draconian Abyssal Knight on Jan 20, 2022.
             Was a Follower of Lugonu.
             Succumbed to an adder's poison
             ... on level 2 of the Dungeon.
             The game lasted 00:02:55 (1576 turns).

belegose the Skirmisher (Draconian Abyssal Knight)  Turns: 1576, Time: 00:02:56

Health: 0/49       AC:  5    Str: 15    XL:     3   Next: 37%
Magic:  4/4        EV: 12    Int: 12    God:    Lugonu [*.....]
Gold:   35         SH:  0    Dex: 11    Spells: 2/2 levels left

rFire   . . .      SeeInvis .   a - +1 mace
rCold   . . .      Faith    .   (no shield)
rNeg    . . .      Spirit   .   (armour unavailable)
rPois   .          Reflect  .   (helmet restricted)
rElec   .          Harm     .   (no cloak)
rCorr   .          Rampage  .   (no gloves)
Will    .....                   (no boots)
Stlth   ..........              (no amulet)
HPRegen 0.16/turn               (no ring)
MPRegen 0.09/turn               (no ring)

@: brilliant, berserking, lethally poisoned (0 -> -2), very quick
A: AC +5, unfitting armour, cold-blooded
a: Renounce Religion, Depart the Abyss


You were on level 2 of the Dungeon.
You worshipped Lugonu.
Lugonu was aware of your devotion.
You visited 1 branch of the dungeon, and saw 2 of its levels.
You visited the Abyss 1 time.

You collected 35 gold pieces.

Inventory:

Hand Weapons
 a - a +1 mace (weapon)
Missiles
 e - 32 stones
Jewellery
 g - a ring of poison resistance
Scrolls
 b - a scroll of blinking {unknown}
 d - a scroll of identify {unknown}
 f - a scroll of noise {unknown}
Potions
 c - a potion of brilliance


   Skills:
 + Level 3.7 Fighting
 + Level 2.4 Maces & Flails
 + Level 2.4 Dodging
 + Level 1.1 Stealth
 + Level 2.5 Invocations


You had 2 spell levels left.
You didn't know any spells.
Your spell library contained the following spells:

 Spells                   Type           Power      Damage    Failure   Level
 Sandblast                Erth           0%         2d4       32%         1
 Passwall                 Tmut/Erth      0%         N/A       45%         2
 Dazzling Flash           Conj/Hex       0%         N/A       69%         3
 Stone Arrow              Conj/Erth      0%         3d7       69%         3
 Agony                    Necr           0%         N/A       100%        5
 Silence                  Hex/Air        0%         N/A       100%        5


Dungeon Overview and Level Annotations

Branches:
Dungeon (2/15)

Altars:


Innate Abilities, Weirdness & Mutations

Your plain brown scales are hard. (AC +5)
You cannot fit into any form of body armour.
You are cold-blooded and may be slowed by cold attacks.


Message History

The adder misses you.
You miss the adder.
The adder is lightly wounded.
The adder bites you.
You are poisoned.
The adder poisons you! The adder bites you.
You miss the adder.
Your tail-slap misses the adder.
The adder is lightly wounded.
You feel sick. The adder completely misses you. The adder bites you.
* * * LOW HITPOINT WARNING * * *
You barely miss the adder.
The adder is lightly wounded.
You feel sick. The adder misses you.
You closely miss the adder.
The adder is lightly wounded.
You feel sick.
You are no longer poisoned.
The adder closely misses you. x2
It was a potion of brilliance.
You feel clever all of a sudden. The adder bites you.
* * * LOW HITPOINT WARNING * * *
You are lethally poisoned!
The adder poisons you!
It was a potion of berserk rage.
A red film seems to cover your vision as you go berserk!
You feel yourself moving faster!
You feel mighty!
* * * LOW HITPOINT WARNING * * *
You feel sick. The adder misses you.
You miss the adder.
The adder is lightly wounded.
* * * LOW HITPOINT WARNING * * *
You feel sick. The adder barely misses you. The adder completely misses you.
You closely miss the adder.
Your tail-slap misses the adder.
The adder is lightly wounded.
* * * LOW HITPOINT WARNING * * *
You feel sick. The adder misses you.
You barely miss the adder.
The adder is lightly wounded.
You die...

#......#
#.^....#
#......#
#......#
#......#
#......#
###.####
#.# #@#
##S####..
#........#
#.#.###..#
#.........#
#.........#
#....$....#
#.........#
#.........#


You could see an adder.

Vanquished Creatures
  A gnoll (D:1)
  A dart slug (D:1)
  An endoplasm (D:2)
  4 giant cockroaches
  A goblin (D:1)
  7 hobgoblins (D:1)
  5 quokkas (D:1)
  5 bats
  2 kobolds (D:1)
  A rat (D:1)
28 creatures vanquished.

Notes
Turn   | Place    | Note
-------+----------+-------------------------------------------
     0 | Abyss:1  | belegose the Draconian Abyssal Knight began the quest for
                  | the Orb.
     0 | Abyss:1  | Reached XP level 1. HP: 19/19 MP: 2/2
     5 | Abyss:1  | Identified the +3 tower shield of the Barnacle {Int+5}
     5 | Abyss:1  | Noticed a daeva
    62 | Abyss:3  | Noticed a small abomination
    68 | D:1      | Escaped the Abyss
   185 | D:1      | Reached XP level 2. HP: 22/26 MP: 3/3
   195 | D:1      | Reached * piety under Lugonu
   815 | D:1      | Reached skill level 1 in Stealth
   982 | D:1      | Reached XP level 3. HP: 27/31 MP: 4/4
  1574 | D:2      | HP: 2/49 [poisoned by an adder]
  1576 | D:2      | Succumbed to an adder's poison

Illustrated notes

Levels and vault maps discovered:
D:1:      heliophobic_arrival_henge, layout_basic, minmay_quantized
D:2:      layout_rooms, shapermc_ecumenical_altar_venn, minmay_split_cup_small

Skill      XL: |  1  2 |
---------------+-------+-----
Stealth        | 1 |  1.1
Fighting       | |  3.7
Maces & Flails | |  2.4
Dodging        | |  2.4
Invocations    | |  2.5

Action                   || total
-------------------------++-------
Melee: Mace              ||   110
       Tailslap          ||     4
       Punch             ||     1
Invok: Depart the Abyss  ||     1
  Use: Potion            ||     2
 Stab: Sleeping          ||     6
Armor: Skin              ||    36
Dodge: Dodged            ||    91

Table legend: (Time is in decaauts)
 A = Elapsed time spent in this place.
 B = Non-inter-level travel time spent in this place.
 C = Inter-level travel time spent in this place.
 D = Time resting spent in this place.
 E = Time spent auto-exploring this place.
 F = Levels seen in this place.
 G = Mean time per level.
                   A        B        C        D        E       F      G
               +--------+--------+--------+--------+--------+-----+--------+
         Total |   1606 |   1542 |     64 |      0 |   1171 |   5 |  321.2 |
       Dungeon |   1539 |   1475 |     64 |      0 |   1171 |   2 |  769.5 |
         Abyss |     67 |     67 |      0 |      0 |      0 |   3 |   22.3 |
               +--------+--------+--------+--------+--------+-----+--------+

Top non-repeatable levels by time:
     D:1: 1468 daAuts
     D:2: 70 daAuts
 Abyss:2: 34 daAuts
 Abyss:3: 24 daAuts
 Abyss:1: 8 daAuts
